[Event "Titled Tuesday Blitz March 01 Early 2022"]
[White "Urazayev, Arystanbek"]
[Black "Djokic, Mihailo"]
[WhiteFideId "13709810"]
[BlackFideId "976440"]
[WhiteElo "2321"]
[BlackElo "2008"]
[Result "1-0"]
[Round "11"]
[TimeControl "180+1"]
[Date "2022.03.01"]
[WhiteClock "0:00:05"]
[BlackClock "0:00:03"]

1. e4 c5 2. Nf3 d6 3. d4 cxd4 4. Nxd4 Nf6 5. Nc3 g6 6. Be3 Bg7 7. f3 O-O 8. Qd2 Nc6 9. O-O-O Bd7 10. h4 Rc8 11. Kb1 Ne5 12. h5 Nxh5 13. Qf2 Rxc3 14. bxc3 Qa5 15. g4 Nf6 16. Bd2 Rc8 17. Nb3 Qa3 18. Bc1 Qa4 19. Bb2 Nexg4 20. fxg4 Nxe4 21. Qh4 Nxc3+ 22. Bxc3 Rxc3 23. Qxe7 Rxc2 24. Qd8+ Be8 25. Kxc2 Qxa2+ 26. Kd3 Qxb3+ 27. Ke2 Qc2+ 28. Rd2 Qe4+ 29. Kf2 Qf4+ 30. Ke1 Qg3+ 31. Rf2 Bc3+ 32. Kd1 Qxf2 33. Qxe8+ Kg7 34. Qe2 Qd4+ 35. Qd3 Qe5 36. Be2 Bb4 37. Kc2 b5 38. Rd1 Qc5+ 39. Kb1 a6 40. Qd4+ Qxd4 41. Rxd4 Bc5 42. Re4 f5 43. gxf5 gxf5 44. Re8 Kf6 45. Kc2 Kg5 46. Ra8 Kf4 47. Rxa6 b4 48. Ra8 Ke3 49. Bh5 f4 50. Re8+ Kf2 51. Rf8 Kg3 52. Rf5 Kh4 53. Bd1 Kg3 54. Kb3 h6 55. Kc4 h5 56. Bxh5 Be3 57. Bd1 Bd2 58. Kd3 Bc3 59. Ke4 Be5 60. Rg5+ Kf2 61. Rf5 Ke1 62. Ba4 Kd2 63. Kf3 Kc3 64. Rf8 b3 65. Rb8 b2 66. Be8 Kc2 67. Bg6+ Kc1 68. Rc8+ Kd1 69. Kf2 Kd2 70. Rc2+ Kd1 71. Rc6 Bd4+ 72. Kf3 Be5 73. Bb1 Kd2 74. Ke4 Ke2 75. Rc2+ Kd1 76. Kf3 Ke1 77. Re2+ Kd1 78. Rc2 Ke1 79. Rc6 Kd1 80. Ba2 Kd2 81. Ke4 Kd1 82. Kd3 Ke1 83. Ke4 Kf2 84. Rc2+ Ke1 85. Bb1 Kd1 86. Rh2 Kc1 87. Rh1+ Kd2 88. Kf3 Kc3 89. Ba2 Kc2 90. Bf7 Kc3 91. Bg6 Kd2 92. Rh2+ Kc3 93. Bb1 Kb3 94. Rd2 Kc3 95. Rd3+ Kc4 96. Ke4 Kb4 97. Kd5 Ka4 98. Ba2 Kb4 99. Rb3+ Ka4 100. Rb8 Ka3 101. Bb1 Ka4 102. Rf8 Ka3 103. Kc4 d5+ 104. Kxd5 Bc7 105. Kc4 Ba5 106. Ra8 Ka4 107. Bc2+ Ka3 108. Rxa5# 1-0


[Site "https://www.chess.com"]

[Event "Titled Tuesday Blitz March 01 Early 2022"]
[White "Vantika, Agrawal"]
[Black "Murzin, Volodar"]
[WhiteFideId "25050389"]
[BlackFideId "44155573"]
[WhiteElo "2075"]
[BlackElo "2585"]
[Result "1-0"]
[Round "11"]
[TimeControl "180+1"]
[Date "2022.03.01"]
[WhiteClock "0:00:28"]
[BlackClock "0:01:36"]

1. d4 d5 2. c4 c6 3. Nf3 Nf6 4. e3 e6 5. b3 Nbd7 6. Bb2 Bb4+ 7. Nbd2 O-O 8. Bd3 Qe7 9. a3 Bd6 10. Ne5 Bc7 11. O-O Nxe5 12. dxe5 Nd7 13. f4 Rd8 14. cxd5 exd5 15. Nf3 f6 16. Qc2 fxe5 17. Bxh7+ Kh8 18. Ng5 Nf8 19. Bg6 e4 20. Qe2 Nxg6 21. Qh5+ Kg8 22. Qxg6 Kf8 23. f5 1-0


[Site "https://www.chess.com"]

[Event "Titled Tuesday Blitz March 01 Early 2022"]
[White "Viskelis, Darius"]
[Black "Kejzar, Petra"]
[WhiteFideId "12800830"]
[BlackFideId "14610213"]
[WhiteElo "1999"]
[BlackElo "2006"]
[Result "1-0"]
[Round "11"]
[TimeControl "180+1"]
[Date "2022.03.01"]
[WhiteClock "0:00:42"]
[BlackClock "0:00:06"]

1. e4 c5 2. d4 cxd4 3. c3 Nf6 4. e5 Nd5 5. Nf3 d6 6. Bc4 dxe5 7. Nxe5 e6 8. cxd4 Bb4+ 9. Bd2 Bxd2+ 10. Nxd2 O-O 11. O-O Nb6 12. Bd3 Qxd4 13. Ndf3 Qf4 14. Re1 N8d7 15. Re4 Qh6 16. Rh4 Nxe5 17. Rxh6 Nxf3+ 18. Qxf3 gxh6 19. Qf6 Nd5 20. Qxh6 f5 21. Re1 Rf6 22. Qg5+ Kf7 23. h4 Bd7 24. Qh5+ Kg7 25. Bc4 Bc6 26. b4 a6 27. a4 b5 28. Bxd5 Bxd5 29. Rc1 Rg6 30. Rc7+ Kf6 31. g3 h6 32. Qd1 bxa4 33. Qd4+ e5 34. Qxd5 Rg7 35. Qd6# 1-0


[Site "https://www.chess.com"]

[Event "Titled Tuesday Blitz March 01 Early 2022"]
[White "Voege, Tobias"]
[Black "Krysa, Leandro"]
[WhiteFideId "1270513"]
[BlackFideId "116807"]
[WhiteElo "2335"]
[BlackElo "2490"]
[Result "1-0"]
[Round "11"]
[TimeControl "180+1"]
[Date "2022.03.01"]
[WhiteClock "0:00:13"]
[BlackClock "0:00:03"]

1. e4 e5 2. Nf3 Nf6 3. Nc3 Nc6 4. Bb5 Bb4 5. O-O O-O 6. d3 d6 7. Bg5 Bxc3 8. bxc3 Qe7 9. Nd2 h6 10. Bh4 Nd8 11. Ba4 Ne6 12. Bb3 g5 13. Bg3 Nf4 14. Nc4 Kg7 15. Ne3 c6 16. Kh1 Be6 17. Qd2 h5 18. Rg1 h4 19. Bxf4 gxf4 20. Nf5+ Bxf5 21. exf5 Rh8 22. g4 Nh7 23. g5 Nxg5 24. Rxg5+ Qxg5 25. Rg1 Qxg1+ 26. Kxg1 Kf6 27. h3 Rag8+ 28. Kf1 Rg5 29. d4 Rxf5 30. dxe5+ dxe5 31. Qd6+ Kg7 32. Qe7 f3 33. Be6 Rf6 34. Bg4 Kg6 35. Qxe5 Rd8 36. Qe4+ Kg7 37. Bxf3 Rdd6 38. Qxh4 Kf8 39. Qb4 b5 40. Bxc6 Kg7 41. Bf3 Rde6 42. Qg4+ Kf8 43. Bd5 Rd6 44. c4 a6 45. Qg5 bxc4 46. Bxc4 Rg6 47. Qf4 Rgf6 48. Qe5 Rd1+ 49. Ke2 Rdd6 50. Qc5 Kg7 51. Bd3 Rc6 52. Qd4 Kf8 53. f3 Rcd6 54. Qc5 Re6+ 55. Be4 Kg7 56. h4 Rb6 57. Qg5+ Kf8 58. h5 Rb5 59. Qd8+ Kg7 60. Qh4 Rf6 61. Qg4+ Kf8 62. Bd3 Re5+ 63. Kd2 Rc5 64. f4 Rd5 65. f5 Rdd6 66. Qf4 Rh6 67. c4 Rhf6 68. c5 Rc6 69. Qe5 Rh6 70. Be4 Rc8 71. c6 Rxh5 72. Qd6+ Kg7 73. Qg3+ Kf6 74. Qd6+ Kg5 75. Qd7 Rhh8 76. Qxf7 Kf4 77. Bd5 Rhd8 78. Kc3 Rd6 79. Kc4 Ke5 80. Qe7+ 1-0


[Site "https://www.chess.com"]

[Event "Titled Tuesday Blitz March 01 Early 2022"]
[White "Vokhidov, Shamsiddin"]
[Black "Brodowski, Piotr"]
[WhiteFideId "14204223"]
[BlackFideId "1124480"]
[WhiteElo "2611"]
[BlackElo "2422"]
[Result "1-0"]
[Round "11"]
[TimeControl "180+1"]
[Date "2022.03.01"]
[WhiteClock "0:02:33"]
[BlackClock "0:00:30"]

1. e4 c5 2. Nf3 Nc6 3. Bb5 e6 4. Bxc6 bxc6 5. d3 d6 6. e5 d5 7. c4 Ne7 8. O-O Nf5 9. Nc3 Be7 10. b3 O-O 11. Bb2 Rb8 12. Re1 f6 13. Na4 Qc7 14. Qd2 d4 15. Ba3 fxe5 16. Bxc5 Bxc5 17. Nxc5 Qd6 18. b4 a5 19. a3 Ne7 20. Nxe5 Rf5 21. f4 g5 22. Ne4 Qc7 23. Nxg5 Ng6 24. Nxg6 hxg6 25. Nxe6 Bxe6 26. Rxe6 Qf7 27. Rae1 axb4 28. axb4 Rxf4 29. Rxg6+ Kf8 30. Qxf4 Qxf4 31. Rf1 Qxf1+ 32. Kxf1 Rxb4 33. Rxc6 1-0


[Site "https://www.chess.com"]

[Event "Titled Tuesday Blitz March 01 Early 2022"]
[White "Volkov, Maksim"]
[Black "Niyazgulova, Marina"]
[WhiteFideId "54123070"]
[BlackFideId "24142573"]
[WhiteElo "2081"]
[BlackElo "2075"]
[Result "0-1"]
[Round "11"]
[TimeControl "180+1"]
[Date "2022.03.01"]
[WhiteClock "0:00:05"]
[BlackClock "0:00:09"]

1. d4 d5 2. c4 c6 3. Nf3 Nf6 4. g3 Bf5 5. Nc3 e6 6. Nh4 Bg6 7. Qb3 Qb6 8. c5 Qxb3 9. axb3 Na6 10. Nxg6 hxg6 11. e3 Nb4 12. Ra4 a5 13. Bd2 b6 14. cxb6 Nd7 15. b7 Ra7 16. Be2 Nc2+ 17. Kd1 Nb4 18. e4 Bd6 19. h4 O-O 20. h5 gxh5 21. Rxh5 Rb8 22. Nb1 Rbxb7 23. e5 Be7 24. Bc3 c5 25. Ra1 cxd4 26. Bxd4 Bc5 27. Bxc5 Nxc5 28. Nd2 Nbd3 29. Kc2 Nxf2 30. Rf1 Nfe4 31. Rfh1 Kf8 32. Rh8+ Ke7 33. Rc8 Rc7 34. Rhh8 Nd7+ 35. Kd1 Rxc8 36. Rxc8 Nxd2 37. Kxd2 Nxe5 38. Bb5 Rb7 39. Ba4 Ra7 40. Ke3 Kf6 41. Kd4 Nf3+ 42. Kc5 Re7 43. Rd8 Ne5 44. Kb5 Ra7 45. Kb6 Re7 46. Kxa5 Ng4 47. Kb6 e5 48. Rxd5 e4 49. Bb5 e3 50. Be2 Ne5 51. b4 Ng6 52. b5 Re6+ 53. Kc5 Ne7 54. Rd4 Nc8 55. Rf4+ Kg6 56. b4 f5 57. Kd4 Kf6 58. Rf3 Re4+ 59. Kd3 Rxb4 60. Kxe3 Nd6 61. Bd3 g6 62. Kd2 Nxb5 63. g4 Nd4 64. Rf4 Nb3+ 65. Kc3 Rxf4 0-1


[Site "https://www.chess.com"]

[Event "Titled Tuesday Blitz March 01 Early 2022"]
[White "Wagner, Dennis"]
[Black "Kanyamarala, Tarun"]
[WhiteFideId "24650684"]
[BlackFideId "45004714"]
[WhiteElo "2355"]
[BlackElo "2144"]
[Result "1-0"]
[Round "11"]
[TimeControl "180+1"]
[Date "2022.03.01"]
[WhiteClock "0:00:05"]
[BlackClock "0:00:03"]

1. e4 c5 2. Nf3 Nc6 3. Nc3 e5 4. Bc4 Be7 5. d3 d6 6. O-O Nf6 7. Ng5 O-O 8. f4 Bg4 9. Qe1 exf4 10. Bxf4 Nd4 11. Qf2 h6 12. Nf3 Nxf3+ 13. gxf3 Bh3 14. Kh1 Nh5 15. Be3 Bh4 16. Qd2 Bxf1 17. Rxf1 Kh8 18. Bxh6 Qf6 19. Be3 g5 20. Nd5 Qh6 21. d4 b6 22. Rg1 f6 23. Ne7 Qh7 24. Nf5 Rad8 25. Rg4 d5 26. Bd3 c4 27. Bf1 dxe4 28. fxe4 Rfe8 29. Qg2 Ng7 30. Nxh4 gxh4 31. Bxc4 f5 32. Rg6 f4 33. Bxf4 h3 34. Qf3 Qxg6 35. Qxh3+ Qh7 36. Qxh7+ Kxh7 37. Bd5 Ne6 38. Be5 Ng5 39. Kg2 Kg6 40. h4 Nf7 41. h5+ Kxh5 42. Bxf7+ Kg5 43. Bxe8 Rxe8 44. Kf3 Kg6 45. Ke3 Kf7 46. a4 Rg8 47. d5 Ke7 48. Kd4 Kd7 49. b3 Rg2 50. c3 Rd2+ 51. Kc4 Re2 52. Kd3 Ra2 53. Bb8 a6 54. c4 Rb2 55. Kc3 Re2 56. e5 Kc8 57. Bd6 Re3+ 58. Kb4 a5+ 59. Kb5 Kb7 60. b4 axb4 61. Kxb4 Re4 62. e6 Re1 63. Bf8 Rb1+ 64. Kc3 Kc8 65. d6 Re1 66. e7 Kd7 67. Kb4 Re6 68. Kb5 Rxd6 69. e8=Q+ Kxe8 70. Bxd6 Kd7 71. Be5 1-0


[Site "https://www.chess.com"]

[Event "Titled Tuesday Blitz March 01 Early 2022"]
[White "Winkels, Marcel"]
[Black "Guimaraes, Diogo Duarte"]
[WhiteFideId "1003887"]
[BlackFideId "2112450"]
[WhiteElo "1900"]
[BlackElo "2245"]
[Result "1/2-1/2"]
[Round "11"]
[TimeControl "180+1"]
[Date "2022.03.01"]
[WhiteClock "0:00:22"]
[BlackClock "0:00:38"]

1. b3 d5 2. Nf3 Nf6 3. Bb2 Bf5 4. e3 e6 5. d3 c5 6. Nh4 Bg4 7. Be2 Bxe2 8. Qxe2 Nc6 9. Nd2 Ne4 10. dxe4 Qxh4 11. exd5 exd5 12. Qb5 O-O-O 13. O-O-O Qxf2 14. Rhf1 Qxe3 15. Rxf7 Be7 16. Bxg7 Rhg8 17. g3 Rd7 18. Kb1 Nd4 19. Qd3 Qe6 20. Rdf1 Rxg7 21. Rxg7 Bf6 22. Rxd7 Kxd7 23. c3 Ne2 24. Kc2 Nxc3 25. Qf5 Ne2 26. Qxf6 Nd4+ 27. Kc1 Qe3 28. Qf7+ Kc6 29. Qf6+ Kb5 30. Qf2 Qc3+ 31. Kb1 Qc2+ 32. Ka1 Qc3+ 33. Kb1 Qd3+ 34. Ka1 Qc3+ 35. Kb1 1/2-1/2


[Site "https://www.chess.com"]

[Event "Titled Tuesday Blitz March 01 Early 2022"]
[White "Wong, Yinn Long"]
[Black "Ponkratov, Pavel"]
[WhiteFideId "5707684"]
[BlackFideId "4157800"]
[WhiteElo "2055"]
[BlackElo "2487"]
[Result "0-1"]
[Round "11"]
[TimeControl "180+1"]
[Date "2022.03.01"]
[WhiteClock "0:00:02"]
[BlackClock "0:00:15"]

1. d4 Nf6 2. Bf4 c5 3. e3 g6 4. Nf3 Bg7 5. Nbd2 O-O 6. Bd3 cxd4 7. exd4 d6 8. O-O Nc6 9. Re1 Nd5 10. Bg3 Nxd4 11. Nxd4 Bxd4 12. c3 Bg7 13. Bh4 Qc7 14. Bc4 Nf6 15. Qe2 e6 16. Bg3 Bd7 17. h3 Rac8 18. Rad1 Qc6 19. Bd3 Rfe8 20. c4 Qb6 21. b3 Nh5 22. Bh2 d5 23. Be5 Bxe5 24. Qxe5 Qc7 25. Qe3 Qc5 26. Qe5 Qc7 27. Qe3 Bc6 28. Bf1 b6 29. Nf3 dxc4 30. Bxc4 Bxf3 31. Qxf3 Rcd8 32. g3 Rxd1 33. Rxd1 Rd8 34. Rxd8+ Qxd8 35. Qb7 Qd4 36. Qxa7 Nf6 37. Qa8+ Kg7 38. Qf3 Qa1+ 39. Kg2 Qxa2 40. Qb7 Kf8 41. Qxb6 Qd2 42. Qb8+ Kg7 43. Qe5 h6 44. g4 g5 45. Qe3 Qd6 46. Qc3 Qe7 47. b4 Qb7+ 48. Kg1 Qe7 49. b5 Qc5 50. Kg2 Qb6 51. Qd3 Ne8 52. Qc3+ Kg8 53. Bd3 Nd6 54. Qc6 Qd4 55. Be2 Ne4 56. Bf3 Qxf2+ 57. Kh1 Ng3# 0-1


[Site "https://www.chess.com"]

[Event "Titled Tuesday Blitz March 01 Early 2022"]
[White "Yurtseven, Melih"]
[Black "Samarth, J Rao"]
[WhiteFideId "6312160"]
[BlackFideId "46652370"]
[WhiteElo "2160"]
[BlackElo "1514"]
[Result "0-1"]
[Round "11"]
[TimeControl "180+1"]
[Date "2022.03.01"]
[WhiteClock "0:00:17"]
[BlackClock "0:00:44"]

1. Nf3 Nf6 2. g3 g6 3. Bg2 Bg7 4. O-O O-O 5. d4 d5 6. Nbd2 c5 7. c3 Nc6 8. dxc5 e5 9. b4 e4 10. Nd4 Nxd4 11. cxd4 e3 12. fxe3 Ng4 13. Nb3 Qe7 14. e4 dxe4 15. e3 Bh6 16. Qe2 Be6 17. d5 Bf5 18. Nd4 Bc8 19. d6 Qg5 20. Bxe4 Qe5 21. Qf3 Qh5 22. h4 Qe5 23. a4 a6 24. Ra3 Bd7 25. Bxb7 Rae8 26. Bd5 Bxe3+ 27. Bxe3 Nxe3 28. Rxe3 Qxd4 29. Bxf7+ Kg7 30. Bxe8 Rxf3 31. Rxf3 Bxe8 32. Kh2 Bc6 33. Re7+ Kh6 34. Rfe3 Qd5 35. R7e4 Qf5 36. Rf4 Qc2+ 37. Kh3 Qg2+ 38. Kg4 Bd7+ 39. Rf5 Bxf5+ 40. Kf4 Qf2+ 41. Rf3 Qd4# 0-1


[Site "https://www.chess.com"]

[Event "Titled Tuesday Blitz March 01 Early 2022"]
[White "Zainullina, Nataliya"]
[Black "Prieto Aranguren, Alain"]
[WhiteFideId "4145488"]
[BlackFideId "2268906"]
[WhiteElo "2063"]
[BlackElo "2235"]
[Result "1-0"]
[Round "11"]
[TimeControl "180+1"]
[Date "2022.03.01"]
[WhiteClock "0:00:58"]
[BlackClock "0:00:33"]

1. Nf3 Nf6 2. c4 g6 3. b4 Bg7 4. Bb2 O-O 5. e3 d6 6. Be2 e5 7. d3 Nc6 8. b5 Ne7 9. O-O Nd7 10. Nc3 f5 11. d4 e4 12. Nd2 Nf6 13. d5 Nd7 14. Nb3 Ne5 15. c5 Bd7 16. Rc1 dxc5 17. Nxc5 Bc8 18. a4 b6 19. Nb3 Bb7 20. Nd4 Nxd5 21. Qb3 Kh8 22. Ne6 Qf6 23. Nxf8 Nxc3 24. Rxc3 Rxf8 25. Rxc7 Bc8 26. Rfc1 Be6 27. Qc3 Rd8 28. Rxg7 Kxg7 29. Qxe5 Qxe5 30. Bxe5+ Kf7 31. Rc7+ Rd7 32. Rxd7+ Bxd7 33. Bb8 1-0


[Site "https://www.chess.com"]

[Event "Titled Tuesday Blitz March 01 Early 2022"]
[White "Zanette, Edgard Vinicius"]
[Black "Matveeva, Olga"]
[WhiteFideId "2109263"]
[BlackFideId "24107018"]
[WhiteElo "2182"]
[BlackElo "2083"]
[Result "0-1"]
[Round "11"]
[TimeControl "180+1"]
[Date "2022.03.01"]
[WhiteClock "0:00:24"]
[BlackClock "0:01:31"]

1. e4 e6 2. d4 d5 3. exd5 exd5 4. c4 Nf6 5. Nf3 Bb4+ 6. Bd2 Bxd2+ 7. Nbxd2 O-O 8. Be2 dxc4 9. Nxc4 Re8 10. O-O c6 11. Nfe5 Be6 12. Ne3 Nbd7 13. Nf3 Nb6 14. Qd3 Nbd5 15. Nxd5 Nxd5 16. Qd2 Qf6 17. Rfe1 Rad8 18. Rad1 Nf4 19. b3 Nxe2+ 20. Rxe2 Bg4 21. Rxe8+ Rxe8 22. Re1 Rd8 23. Ne5 Be6 24. Qb4 Bc8 25. h3 h6 26. Qa5 Rxd4 27. Qxa7 Rd2 28. a4 Kh7 29. Qe3 Rb2 30. Qd4 Rxb3 31. Qd8 Qxd8 0-1


[Site "https://www.chess.com"]

[Event "Titled Tuesday Blitz March 01 Early 2022"]
[White "Zavgorodniy, Sergiy"]
[Black "Ahmadzada, Ahmad"]
[WhiteFideId "14110148"]
[BlackFideId "13413007"]
[WhiteElo "2420"]
[BlackElo "2228"]
[Result "0-1"]
[Round "11"]
[TimeControl "180+1"]
[Date "2022.03.01"]
[WhiteClock "0:01:42"]
[BlackClock "0:00:30"]

1. e4 d5 2. exd5 Qxd5 3. Nc3 Qd8 4. g3 Nf6 5. Bg2 Nc6 6. Nge2 e5 7. O-O Bc5 8. d3 h6 9. h3 O-O 10. Be3 Bb6 11. Qd2 Re8 12. g4 Bxg4 13. hxg4 Nxg4 14. Bf3 Nxe3 15. fxe3 Qg5+ 16. Kh1 Bxe3 17. Qe1 Nd4 18. Ne4 Qg6 19. Nxd4 exd4 20. Qg3 Rxe4 21. Qxg6 Rh4+ 22. Kg2 fxg6 23. Bxb7 Rd8 24. Rf3 Rg4+ 25. Kh3 Rf4 26. Rxf4 Bxf4 27. Rf1 g5 28. Kg4 g6 29. Re1 h5+ 30. Kf3 Be3 31. Ke4 g4 32. Rf1 Rf8 33. Bd5+ Kg7 0-1


[Site "https://www.chess.com"]

[Event "Titled Tuesday Blitz March 01 Early 2022"]
[White "Zheenbekov, Nurgazy"]
[Black "Pajeken, Jakob Leon"]
[WhiteFideId "13800485"]
[BlackFideId "12942839"]
[WhiteElo "1959"]
[BlackElo "2351"]
[Result "1/2-1/2"]
[Round "11"]
[TimeControl "180+1"]
[Date "2022.03.01"]
[WhiteClock "0:01:27"]
[BlackClock "0:01:44"]

1. e4 e5 2. Nf3 Nc6 3. Bb5 a6 4. Ba4 Nf6 5. O-O Be7 6. Re1 b5 7. Bb3 d6 8. c3 O-O 9. h3 Na5 10. Bc2 c5 11. d3 Nc6 12. Nbd2 Be6 13. Nf1 h6 14. Ng3 Re8 15. a4 Bf8 16. d4 cxd4 17. cxd4 exd4 18. Nxd4 Nxd4 19. Qxd4 Qb8 20. axb5 axb5 21. Bxh6 Rxa1 22. Rxa1 gxh6 23. Qxf6 Bg7 24. Qh4 Bxb2 25. Rb1 Bg7 26. Nh5 Qd8 27. Qg3 Qg5 28. Qxg5 hxg5 29. Nxg7 Kxg7 30. Rxb5 Rc8 31. Bd3 Kf6 32. Rb6 Ke5 33. Rb5+ Rc5 34. f3 Rxb5 35. Bxb5 d5 36. exd5 Bxd5 37. Kf2 f5 38. g3 f4 39. Bd3 fxg3+ 40. Kxg3 Kf6 41. h4 gxh4+ 42. Kxh4 Bxf3 1/2-1/2


[Site "https://www.chess.com"]

[Event "Titled Tuesday Blitz March 01 Early 2022"]
[White "Zhigalko, Sergei"]
[Black "Matinian, Nikita"]
[WhiteFideId "13502956"]
[BlackFideId "24129100"]
[WhiteElo "2662"]
[BlackElo "2422"]
[Result "1-0"]
[Round "11"]
[TimeControl "180+1"]
[Date "2022.03.01"]
[WhiteClock "0:00:05"]
[BlackClock "0:00:44"]

1. e4 c5 2. Nf3 d6 3. d4 cxd4 4. Qxd4 Nf6 5. Nc3 Nc6 6. Bb5 Bd7 7. Bxc6 Bxc6 8. Bg5 Qb6 9. Bxf6 gxf6 10. Qxb6 axb6 11. Nd4 Rg8 12. g3 h5 13. O-O-O h4 14. b3 Kd7 15. a4 Rg4 16. h3 Rg8 17. g4 Bh6+ 18. Kb1 Rgc8 19. Rhe1 Bf4 20. Nce2 Bh6 21. f3 e6 22. c4 Ke7 23. Nc3 Bf4 24. Nce2 Be5 25. Nxc6+ bxc6 26. f4 b5 27. fxe5 fxe5 28. Nc3 bxc4 29. bxc4 Rcb8+ 30. Kc2 Rb4 31. Kd3 Rb2 32. Rd2 Rb3 33. Ra1 Rab8 34. a5 f5 35. gxf5 exf5 36. exf5 d5 37. cxd5 cxd5 38. Kc2 d4 39. Ne4 Rxh3 40. Rg2 d3+ 41. Kc3 Rc8+ 42. Kb4 Re3 43. Nc3 d2 44. Nd5+ Kf7 45. Nxe3 Rc1 46. Ra2 Rb1+ 47. Kc3 h3 48. Rh2 d1=Q 49. Nxd1 Rxd1 50. Rxh3 1-0


[Site "https://www.chess.com"]

[Event "Titled Tuesday Blitz March 01 Early 2022"]
[White "Zia, Tahsin Tajwar"]
[Black "Vivas Zamora, Fabian Ernesto"]
[WhiteFideId "10211888"]
[BlackFideId "3902480"]
[WhiteElo "1800"]
[BlackElo "1966"]
[Result "1/2-1/2"]
[Round "11"]
[TimeControl "180+1"]
[Date "2022.03.01"]
[WhiteClock "0:00:05"]
[BlackClock "0:00:03"]

1. e4 e5 2. Bc4 Nf6 3. d3 c6 4. Nc3 d5 5. Bb3 Bb4 6. Bd2 a5 7. a3 Bxc3 8. Bxc3 Nbd7 9. Nf3 dxe4 10. dxe4 Nxe4 11. Bxe5 O-O 12. O-O Nxe5 13. Qxd8 Nxf3+ 14. gxf3 Rxd8 15. fxe4 Bh3 16. Rfd1 Bg4 17. Rd3 Rxd3 18. cxd3 Rd8 19. Bc2 Rd6 20. Kg2 Be2 21. Re1 Bxd3 22. Bb3 c5 23. Bd5 b5 24. f4 Kf8 25. Kf3 f5 26. Re3 c4 27. Kg3 fxe4 28. Bxe4 Re6 29. Kf3 Rxe4 30. Rxe4 Bxe4+ 31. Kxe4 b4 32. axb4 axb4 33. Kd4 c3 34. bxc3 bxc3 35. Kxc3 Kf7 36. Kd4 Kf6 37. Ke4 Ke6 38. h4 Kf6 39. h5 Ke6 40. f5+ Kd6 41. Kf4 Kd5 42. h6 gxh6 43. Kg4 Ke5 44. Kh5 Kf6 45. Kxh6 Kxf5 46. Kxh7 1/2-1/2